[ AOE2 MATCH · #507085994 ]
UnrankedWu vs Bengalis
Player's team · LOSS
Rival team · WIN
[ REPLAY ANALYSIS · EXTRACTED FROM THE RECORDED GAME ]
Feudal
8:26
Castle
—
Imperial
—
| APM avg | 59.1 |
| APM peak | 103 |
| eAPM avg | 27.9 |
| Villagers / military | 65 / 54 |
Focus
⚔️ 37.2% · 🌾 62.8%
Spearman ×22 · Archer ×14 · Skirmisher ×11 · Militia ×7
Feudal
9:15
Castle
—
Imperial
—
| APM avg | 75.4 |
| APM peak | 114 |
| eAPM avg | 40.2 |
| Villagers / military | 58 / 51 |
Focus
⚔️ 47.5% · 🌾 52.5%
Scout Cavalry ×47 · Militia ×3 · Spearman ×1
Match map
Initial resources + every placement click. Lines = walls · curves = elevation contours. ◆ gold · ⬟ stone · ● berries · ✦ relic · ◌ wall gap
Your base· Open — unwalled flank
DS_Ciskhan's base· Open — unwalled flank
Smoothed initial terrain · ◌ = detected wall gap · hover for details
Inputs per minute
— OS+ | Emil :D - - DS_Ciskhan
Build order — OS+ | Emil :D
First 150 of 213 actions detected
| 0:00 | Create | Villager (Male) |
| 0:01 | Create | Villager (Male) |
| 0:02 | Build | House |
| 0:02 | Build | House |
| 0:19 | Create | Villager (Male) |
| 0:33 | Create | Villager (Male) |
| 1:09 | Create | Villager (Male) |
| 1:09 | Create | Villager (Male) |
| 1:46 | Build | Lumber Camp |
| 1:50 | Build | Lumber Camp |
| 2:00 | Create | Villager (Male) |
| 2:00 | Create | Villager (Male) |
| 2:34 | Create | Villager (Male) |
| 3:13 | Create | Villager (Male) |
| 3:13 | Create | Villager (Male) |
| 3:13 | Create | Villager (Male) |
| 3:23 | Build | House |
| 4:29 | Create | Villager (Male) |
| 4:29 | Create | Villager (Male) |
| 4:31 | Create | Villager (Male) |
| 4:46 | Create | Villager (Male) |
| 4:47 | Create | Villager (Male) |
| 5:17 | Build | Barracks |
| 5:42 | Research | Loom |
| 6:11 | Research | Feudal Age |
| 6:13 | Create | Militia |
| 6:26 | Build | House |
| 6:32 | Create | Militia |
| 6:50 | Build | Mining Camp |
| 7:13 | Build | House |
| 7:14 | Build | Palisade Wall |
| 7:21 | Create | Militia |
| 7:21 | Create | Militia |
| 7:55 | Create | Villager (Male) |
| 8:26 | Age | Feudal Age |
| 8:31 | Build | Archery Range |
| 8:33 | Research | Man-at-Arms (upgrade) |
| 8:39 | Create | Villager (Male) |
| 8:42 | Build | Palisade Wall |
| 8:44 | Build | Palisade Wall |
| 8:45 | Build | Palisade Wall |
| 9:06 | Create | Militia |
| 9:16 | Build | Mill |
| 9:27 | Create | Villager (Male) |
| 9:28 | Create | Villager (Male) |
| 9:41 | Create | Villager (Male) |
| 9:44 | Build | Outpost |
| 9:51 | Create | Skirmisher |
| 9:52 | Build | House |
| 9:56 | Build | Farm |
| 9:57 | Build | Farm |
| 10:08 | Create | Villager (Male) |
| 10:18 | Build | House |
| 10:25 | Create | Spearman |
| 10:40 | Create | Villager (Male) |
| 10:47 | Create | Villager (Male) |
| 10:59 | Build | Palisade Wall |
| 11:00 | Build | Palisade Wall |
| 11:01 | Build | Palisade Wall |
| 11:02 | Build | Palisade Wall |
| 11:08 | Create | Villager (Male) |
| 11:10 | Create | Skirmisher |
| 11:42 | Create | Villager (Male) |
| 11:42 | Create | Skirmisher |
| 11:43 | Create | Skirmisher |
| 11:56 | Build | Watch Tower |
| 12:11 | Create | Villager (Male) |
| 12:38 | Build | Mining Camp |
| 12:40 | Create | Villager (Male) |
| 12:54 | Create | Militia |
| 12:54 | Create | Militia |
| 12:58 | Create | Villager (Male) |
| 13:11 | Create | Skirmisher |
| 13:15 | Build | Watch Tower |
| 13:20 | Create | Villager (Male) |
| 13:32 | Create | Skirmisher |
| 13:46 | Create | Villager (Male) |
| 14:02 | Create | Skirmisher |
| 14:07 | Build | House |
| 14:30 | Create | Villager (Male) |
| 14:32 | Build | House |
| 14:35 | Create | Skirmisher |
| 14:38 | Research | Double-Bit Axe |
| 14:38 | Research | Double-Bit Axe |
| 14:39 | Create | Villager (Male) |
| 14:53 | Create | Villager (Male) |
| 15:25 | Create | Spearman |
| 15:25 | Create | Spearman |
| 15:36 | Create | Villager (Male) |
| 15:59 | Create | Spearman |
| 16:03 | Build | Farm |
| 16:03 | Build | Farm |
| 16:04 | Build | Farm |
| 16:08 | Build | Lumber Camp |
| 16:15 | Create | Spearman |
| 16:17 | Create | Skirmisher |
| 16:17 | Create | Skirmisher |
| 16:22 | Create | Villager (Male) |
| 16:45 | Build | Watch Tower |
| 16:49 | Create | Villager (Male) |
| 17:14 | Build | House |
| 17:21 | Build | House |
| 17:23 | Create | Villager (Male) |
| 17:30 | Build | House |
| 17:31 | Build | Blacksmith |
| 17:41 | Create | Skirmisher |
| 17:45 | Create | Villager (Male) |
| 17:46 | Build | Farm |
| 17:55 | Create | Spearman |
| 18:12 | Create | Villager (Male) |
| 18:12 | Create | Villager (Male) |
| 18:16 | Build | Farm |
| 18:22 | Build | House |
| 18:30 | Create | Spearman |
| 18:37 | Build | Farm |
| 18:39 | Build | Farm |
| 18:55 | Build | House |
| 18:57 | Build | House |
| 19:01 | Create | Spearman |
| 19:05 | Build | House |
| 19:14 | Create | Villager (Male) |
| 19:19 | Build | House |
| 19:46 | Create | Archer |
| 19:46 | Create | Archer |
| 19:57 | Build | Farm |
| 19:57 | Build | Farm |
| 20:09 | Build | Watch Tower |
| 20:13 | Create | Archer |
| 20:24 | Create | Villager (Male) |
| 20:30 | Build | Palisade Wall |
| 20:32 | Build | Palisade Wall |
| 20:34 | Build | Palisade Wall |
| 20:37 | Build | Palisade Wall |
| 20:49 | Create | Villager (Male) |
| 20:58 | Create | Archer |
| 21:07 | Create | Villager (Male) |
| 21:14 | Create | Archer |
| 21:20 | Create | Villager (Male) |
| 21:21 | Build | Farm |
| 21:21 | Build | Farm |
| 21:22 | Build | Farm |
| 21:34 | Build | Palisade Wall |
| 21:38 | Create | Archer |
| 21:38 | Create | Villager (Male) |
| 21:41 | Create | Spearman |
| 22:00 | Create | Villager (Male) |
| 22:05 | Build | Watch Tower |
| 22:19 | Create | Villager (Male) |
| 22:35 | Create | Villager (Male) |
| 22:36 | Create | Archer |
Build order — DS_Ciskhan
First 150 of 231 actions detected
| 0:00 | Create | Villager (Male) |
| 0:01 | Build | House |
| 0:02 | Build | House |
| 0:04 | Create | Villager (Male) |
| 0:06 | Create | Villager (Male) |
| 0:06 | Create | Villager (Male) |
| 1:26 | Create | Villager (Male) |
| 1:49 | Create | Villager (Male) |
| 2:17 | Create | Villager (Male) |
| 2:19 | Create | Villager (Male) |
| 2:19 | Create | Villager (Male) |
| 2:44 | Build | Lumber Camp |
| 3:14 | Create | Villager (Male) |
| 3:43 | Create | Villager (Male) |
| 3:44 | Create | Villager (Male) |
| 3:45 | Create | Villager (Male) |
| 3:45 | Create | Villager (Male) |
| 4:05 | Build | House |
| 4:06 | Build | House |
| 4:40 | Create | Villager (Male) |
| 4:43 | Create | Villager (Male) |
| 4:49 | Create | Villager (Male) |
| 5:10 | Build | Mill |
| 5:17 | Build | Palisade Wall |
| 5:37 | Create | Villager (Male) |
| 5:37 | Research | Loom |
| 6:41 | Build | Palisade Wall |
| 6:58 | Research | Feudal Age |
| 7:08 | Build | Barracks |
| 7:13 | Build | Palisade Wall |
| 7:18 | Build | Palisade Wall |
| 7:23 | Build | Palisade Wall |
| 7:48 | Create | Militia |
| 7:54 | Create | Militia |
| 8:05 | Create | Militia |
| 8:07 | Build | House |
| 8:10 | Build | House |
| 8:55 | Create | Villager (Male) |
| 9:06 | Build | House |
| 9:15 | Age | Feudal Age |
| 9:18 | Research | Man-at-Arms (upgrade) |
| 9:24 | Research | Double-Bit Axe |
| 9:29 | Create | Spearman |
| 9:47 | Research | Horse Collar |
| 10:00 | Create | Villager (Male) |
| 10:02 | Build | Farm |
| 10:04 | Build | Farm |
| 10:09 | Build | Stone Wall |
| 10:38 | Create | Villager (Male) |
| 10:38 | Create | Villager (Male) |
| 10:44 | Build | Palisade Gate |
| 10:45 | Build | House |
| 10:51 | Create | Villager (Male) |
| 10:54 | Build | Farm |
| 11:07 | Create | Villager (Male) |
| 11:07 | Create | Villager (Male) |
| 11:08 | Build | Farm |
| 11:21 | Build | Farm |
| 11:43 | Create | Villager (Male) |
| 12:06 | Build | Stable |
| 12:13 | Create | Villager (Male) |
| 12:32 | Build | Palisade Gate |
| 12:45 | Build | Palisade Wall |
| 12:46 | Build | Palisade Wall |
| 12:51 | Create | Villager (Male) |
| 12:52 | Create | Scout Cavalry |
| 12:52 | Create | Scout Cavalry |
| 12:52 | Create | Scout Cavalry |
| 12:53 | Create | Scout Cavalry |
| 12:58 | Build | Farm |
| 13:00 | Build | Farm |
| 13:15 | Build | Farm |
| 13:19 | Create | Villager (Male) |
| 13:22 | Build | Watch Tower |
| 13:25 | Create | Villager (Male) |
| 13:50 | Build | Farm |
| 14:11 | Create | Villager (Male) |
| 14:12 | Build | Farm |
| 14:15 | Build | House |
| 14:15 | Build | House |
| 14:18 | Build | Farm |
| 14:28 | Create | Scout Cavalry |
| 14:32 | Build | Farm |
| 14:40 | Build | House |
| 14:43 | Build | Palisade Wall |
| 14:48 | Create | Villager (Male) |
| 14:58 | Build | Farm |
| 15:01 | Create | Scout Cavalry |
| 15:12 | Create | Villager (Male) |
| 15:42 | Create | Villager (Male) |
| 15:51 | Create | Scout Cavalry |
| 15:52 | Build | Blacksmith |
| 16:02 | Create | Villager (Male) |
| 16:05 | Build | Farm |
| 16:08 | Build | House |
| 16:12 | Create | Scout Cavalry |
| 16:12 | Create | Scout Cavalry |
| 16:17 | Build | Farm |
| 16:20 | Create | Villager (Male) |
| 16:34 | Create | Villager (Male) |
| 16:36 | Build | Farm |
| 16:49 | Research | Forging |
| 16:51 | Build | Mining Camp |
| 17:05 | Build | Farm |
| 17:12 | Create | Villager (Male) |
| 17:30 | Build | Lumber Camp |
| 17:34 | Create | Villager (Male) |
| 17:37 | Build | Palisade Wall |
| 17:37 | Build | Palisade Wall |
| 17:41 | Create | Scout Cavalry |
| 17:48 | Create | Villager (Male) |
| 18:18 | Create | Scout Cavalry |
| 18:19 | Create | Scout Cavalry |
| 18:28 | Create | Villager (Male) |
| 18:32 | Build | Farm |
| 18:40 | Research | Bloodlines |
| 18:42 | Build | House |
| 18:51 | Create | Villager (Male) |
| 19:27 | Create | Scout Cavalry |
| 19:28 | Create | Villager (Male) |
| 19:28 | Create | Villager (Male) |
| 19:40 | Build | Stable |
| 19:59 | Build | Mill |
| 19:59 | Build | Farm |
| 20:00 | Build | Farm |
| 20:00 | Build | Farm |
| 20:00 | Build | Farm |
| 20:00 | Build | Farm |
| 20:02 | Create | Scout Cavalry |
| 20:08 | Build | Farm |
| 20:32 | Create | Scout Cavalry |
| 20:34 | Create | Villager (Male) |
| 20:53 | Create | Scout Cavalry |
| 20:53 | Create | Scout Cavalry |
| 21:07 | Create | Villager (Male) |
| 21:12 | Build | Farm |
| 21:12 | Build | Farm |
| 21:12 | Build | Farm |
| 21:12 | Build | Farm |
| 21:12 | Build | Farm |
| 21:31 | Create | Scout Cavalry |
| 21:32 | Create | Villager (Male) |
| 21:36 | Build | Lumber Camp |
| 21:59 | Create | Scout Cavalry |
| 22:03 | Build | Farm |
| 22:04 | Build | Farm |
| 22:23 | Create | Scout Cavalry |
| 22:24 | Create | Villager (Male) |
| 22:26 | Build | Farm |
| 22:27 | Build | Farm |
Match timeline
| 5:17 | OS+ | Emil :D · first_building Barracks |
| 5:17 | DS_Ciskhan · wall_segment Palisade Wall x10 |
| 6:41 | DS_Ciskhan · wall_segment Palisade Wall x8 |
| 7:08 | DS_Ciskhan · first_building Barracks |
| 7:13 | DS_Ciskhan · wall_segment Palisade Wall x1 |
| 7:14 | OS+ | Emil :D · wall_segment Palisade Wall x1 |
| 7:18 | DS_Ciskhan · wall_segment Palisade Wall x1 |
| 7:23 | DS_Ciskhan · wall_segment Palisade Wall x1 |
| 8:26 | OS+ | Emil :D · age_up feudal |
| 8:31 | OS+ | Emil :D · first_building Archery Range |
| 8:42 | OS+ | Emil :D · wall_segment Palisade Wall x1 |
| 8:44 | OS+ | Emil :D · wall_segment Palisade Wall x1 |
| 8:45 | OS+ | Emil :D · wall_segment Palisade Wall x1 |
| 9:15 | DS_Ciskhan · age_up feudal |
| 10:09 | DS_Ciskhan · wall_segment Stone Wall x2 |
| 10:59 | OS+ | Emil :D · wall_segment Palisade Wall x1 |
| 11:00 | OS+ | Emil :D · wall_segment Palisade Wall x1 |
| 11:01 | OS+ | Emil :D · wall_segment Palisade Wall x1 |
| 11:02 | OS+ | Emil :D · wall_segment Palisade Wall x1 |
| 12:06 | DS_Ciskhan · first_building Stable |
| 12:45 | DS_Ciskhan · wall_segment Palisade Wall x1 |
| 12:46 | DS_Ciskhan · wall_segment Palisade Wall x1 |
| 14:43 | DS_Ciskhan · wall_segment Palisade Wall x1 |
| 17:37 | DS_Ciskhan · wall_segment Palisade Wall x1 |
| 17:37 | DS_Ciskhan · wall_segment Palisade Wall x1 |
| 20:30 | OS+ | Emil :D · wall_segment Palisade Wall x1 |
| 20:32 | OS+ | Emil :D · wall_segment Palisade Wall x1 |
| 20:34 | OS+ | Emil :D · wall_segment Palisade Wall x1 |
| 20:37 | OS+ | Emil :D · wall_segment Palisade Wall x1 |
| 21:34 | OS+ | Emil :D · wall_segment Palisade Wall x2 |
| 23:52 | OS+ | Emil :D · wall_segment Palisade Wall x1 |
| 24:24 | OS+ | Emil :D · wall_segment Palisade Wall x1 |
| 24:30 | OS+ | Emil :D · wall_segment Palisade Wall x1 |
| 24:31 | DS_Ciskhan · wall_segment Palisade Wall x1 |
| 25:38 | OS+ | Emil :D · wall_segment Palisade Wall x1 |
| 25:45 | OS+ | Emil :D · wall_segment Palisade Wall x2 |
| 25:49 | OS+ | Emil :D · wall_segment Palisade Wall x1 |
| 25:50 | OS+ | Emil :D · wall_segment Palisade Wall x1 |
| 28:30 | OS+ | Emil :D · resign |
[ AI ANALYSIS · 1 CREDIT ]
What really happened in this match?
Wolo.gg analyzes every decision: build order, eco, micro, common mistakes by bracket. Personalized analysis on WhatsApp or Discord in 30 seconds.
Civ guide
Wu
Perfil
Jugador #862991